 Dungeon Crawl Stone Soup version 0.30.1 (webtiles) character file.

Game seed: 12397455831891586835

109 Sanktem7 the Shield-Bearer (level 4, -2/41 HPs)
             Began as a Minotaur Fighter on July 13, 2023.
             Was an Initiate of Okawaru.
             Slain by Sigmund
             ... wielding a +0 scythe
              (3 damage)
             ... on level 3 of the Dungeon.
             The game lasted 00:02:12 (2034 turns).

Sanktem7 the Shield-Bearer (Minotaur Fighter)       Turns: 2034, Time: 00:02:13

Health: -2/41      AC:  7    Str: 23    XL:     4   Next: 60%
Magic:  3/3        EV:  9    Int:  5    God:    Okawaru [......]
Gold:   160        SH:  4    Dex:  9    Spells: 3/3 levels left

rFire   . . .        a - +0 war axe {axe}
rCold   . . .        c - +0 buckler
rNeg    . . .        b - +0 scale mail
rPois   .            (helmet restricted)
rElec   .            (no cloak)
rCorr   .            (no gloves)
SInv    .            (no boots)
Will    .....        (no amulet) Stlth
                     (no ring)
HPRegen 0.26/turn    (no ring)
MPRegen 0.08/turn

%: no passive effects
@: no status effects
A: horns 2, retaliatory headbutt
a: Renounce Religion


You were on level 3 of the Dungeon.
You worshipped Okawaru.
Okawaru was noncommittal.
You visited 1 branch of the dungeon, and saw 3 of its levels.

You collected 160 gold pieces.


Innate Abilities, Weirdness & Mutations

You have a pair of horns on your head.
You reflexively headbutt those who attack you in melee.


   Skills:
 + Level 4.3 Fighting
 * Level 4.1 Axes
 + Level 4.3 Armour
 + Level 4.3 Shields


You had 3 spell levels left.
You didn't know any spells.
Your spell library contained the following spells:

 Spells                   Type           Power      Damage    Failure   Level
 Static Discharge         Conj/Air       0%         2-2/arc   94%         2
 Airstrike                Air            0%         2d(0-16)  100%        4
 Summon Lightning Spire   Summ/Air       Unusable   N/A       N/A         4

Inventory:

Hand Weapons
 a - a +0 war axe (weapon) {axe}
Missiles
 e - 42 stones (quivered) {throwing}
 w - 6 silver boomerangs {throwing}
 x - 2 boomerangs {throwing}
Armour
 b - a +0 scale mail (worn)
 c - a +0 buckler (worn)
Magical Staves
 p - a staff of earth {!astaff}
   (You found it on level 1 of the Dungeon)
Jewellery
 r - a ring of poison resistance
   (You found it on level 2 of the Dungeon)
Wands
 u - a wand of flame (25)
   (You found it on level 3 of the Dungeon)
Scrolls
 g - a scroll of enchant weapon {unknown}
 h - 2 scrolls of fear {unknown}
 i - a scroll of noise {unknown}
 j - 3 scrolls of identify {unknown}
 k - 3 scrolls of immolation {unknown}
 m - a scroll of vulnerability {unknown}
 o - a scroll of blinking {unknown}
 q - a scroll of amnesia {unknown}
 s - a scroll of enchant armour {unknown}
Potions
 d - a potion of might
 f - a potion of brilliance {unknown}
 l - a potion of mutation {unknown}
 n - 2 potions of lignification {unknown}
 t - a potion of degeneration {unknown}
 v - a potion of curing {unknown}

Dungeon Overview and Level Annotations

Branches:
Dungeon (3/15) Zot: 15918

Altars:
Okawaru

Annotations:
D:3 Jessica, Sigmund

#.# #.###.# ..#
#.....##
#################...##
#.................<>..
#.#.#.############.###
# #.# #.# #.# #.# #.#
#.###
#.#@############...#
#..@.{.....#..####'#
#.#!######.#..'.....
#.#.# #.##.โ‰ˆ... #
#.# #.##.โ‰ˆ._. #..
#..#.ยง... ###
#..'..... #.#####'#
#.# #.#.#


You could see Jessica.


Message History

You take 2 damage, and now have 39/41 hp.
An endoplasm comes into view.
The orc closely misses you. You furiously retaliate!
You headbutt the orc. ๐Ÿ˜• HP[+1]
You slash the orc!
You kill the orc!
Okawaru accepts your kill.
You slash the endoplasm!
You kill the endoplasm!
Okawaru accepts your kill.
No target in view!
No target in view!
No target in view!
No target in view!
x - 2 boomerangs {throwing} You now have 160 gold pieces (gained 13).
Things that are here:
a +0 short sword {short}; a +0 leather armour; an orc corpse
j - 2 scrolls labelled XANARR TITTYHO (gained 1)
h - 2 scrolls labelled PUINNE VUFUARISO (gained 1)
A rat comes into view.
A rat is nearby! ๐Ÿ˜Ž HP[+1]
Your hp is fully restored (41).
A rat is nearby!
A rat is nearby!
You slash the rat!
You kill the rat!
Okawaru accepts your kill.
No target in view!
No target in view!
No target in view!
No target in view!
No target in view!
j - 3 scrolls labelled XANARR TITTYHO (gained 1) Key pressed, stopping explore.
There is a stone staircase leading down here.
There is a stone staircase leading up here.
Sigmund the Dreaded comes into view.
He is wielding a +0 scythe.
Jessica the Apprentice Sorceress comes into view.
She is wielding a +0 club.
Jessica shouts!
Sigmund hits you but does no damage.
You hit Sigmund. You hit Sigmund. You closely miss Jessica.
Sigmund closely misses you. You block Jessica's attack.
You hit Sigmund. You hit Jessica. Sigmund gestures at you while chanting.
You resist with some effort. Jessica hits you with a +0 club.
You block Jessica's attack.
Sigmund mumbles some strange words.
Sigmund flickers and vanishes!
Deactivating autopickup; reactivate with Ctrl-A. ๐Ÿ˜• HP[-3]
You take 3 damage, and now have 38/41 hp.
You closely miss something. You closely miss Jessica.
Something hits you but does no damage. You block Jessica's attack.
You barely miss something. You barely miss Jessica.
Jessica gestures at you while chanting. Pain shoots through your body!
Something hits you! ๐Ÿ˜ฎ HP[-12]
You take 12 damage, and now have 26/41 hp.
MASSIVE DAMAGE!! (PAUSE)
You miss something. You headbutt something. You hit Jessica.
Jessica hits you with a +0 club. ๐Ÿ˜ฎ HP[-2]
You take 2 damage, and now have 24/41 hp.
You barely miss something. You hit Jessica but do no damage.
Something hits you but does no damage.
Jessica points at you and mumbles some strange words.
Pain shoots through your body!
* * * LOW HITPOINT WARNING * * *
Jessica hits you with a +0 club.
* * * LOW HITPOINT WARNING * * *
๐Ÿ˜จ HP[-6]
You take 6 damage, and now have 18/41 hp.
You barely miss something. Your headbutt misses something.
You closely miss Jessica.
You hear some strange, mumbled words.
A puff of flame appears from out of thin air!
The puff of flame hits you.
* * * LOW HITPOINT WARNING * * *
Jessica hits you with a +0 club.
* * * LOW HITPOINT WARNING * * *
Something hits you.
* * * LOW HITPOINT WARNING * * *
๐Ÿ˜จ HP[-4]
You take 4 damage, and now have 14/41 hp.
You barely miss something. You hit Jessica but do no damage.
Jessica hits you but does no damage.
You barely miss something. You barely miss Jessica. Something hits you!
* * * LOW HITPOINT WARNING * * *
Jessica hits you with a +0 club.
* * * LOW HITPOINT WARNING * * *
Jessica hits you with a +0 club.
* * * LOW HITPOINT WARNING * * *
๐Ÿ˜ฑ HP[-13]
You take 13 damage, and now have 1/41 hp.
MASSIVE DAMAGE!! (PAUSE)
Something hits you.
You die...

Skill      XL: |  1  2  3  4 |
---------------+-------------+-----
Axes           | 3 4 |  4.1
Armour         | 4 |  4.3
Shields        | 4 |  4.3
Fighting       | 4 |  4.3

Action                     |  1- 3 |  4- 6 || total
---------------------------+-------+-------++-------
  Melee: War axe           |    77 |    55 ||   132
         Headbutt          |    14 |     5 ||    19
 Armour: Scale mail        |    40 |    17 ||    57
  Dodge: Dodged            |    36 |    24 ||    60
  Block: Buckler           |    13 |    11 ||    24

Levels and vault maps discovered:
D:1:      dpeg_arrival_water_temple_mockup, layout_basic, hex_intersection,
          minmay_misc_feat_x
D:2:      minmay_door_path, layout_basic, ebering_ecumenical_altar_box,
          minmay_hedge_maze, uniq_robin
D:3:      layout_basic, mainiacjoe_overflow_six_doors_small, minmay_checkerbox,
          uniq_jessica, uniq_sigmund

Notes
Turn   | Place    | Note
-------+----------+-------------------------------------------
     0 | D:1      | Sanktem7 the Minotaur Fighter began the quest for the Orb.
     0 | D:1      | Reached XP level 1. HP: 19/19 MP: 0/0
     0 | D:1      | magus.rc [v1.9.6]
    17 | D:1      | You pick up a book of Storms and begin reading...
    17 | D:1      | You add the spells Static Discharge, Airstrike and Summon
                  | Lightning Spire to your library.
   126 | D:1      | Reached XP level 2. HP: 27/27 MP: 1/1
   326 | D:1      | Reached skill level 3 in Axes
   725 | D:1      | Reached skill level 4 in Armour
   725 | D:1      | Reached skill level 4 in Shields
   799 | D:2      | Noticed Robin
   803 | D:2      | Reached XP level 3. HP: 33/33 MP: 2/2
   805 | D:2      | Reached skill level 4 in Fighting
   820 | D:2      | Killed Robin
   859 | D:2      | Found a faded altar of an unknown god.
   917 | D:2      | Reached XP level 4. HP: 37/40 MP: 3/3
  1468 | D:3      | Reached skill level 4 in Axes
  1695 | D:3      | Found an iron altar of Okawaru.
  1730 | D:3      | Became a worshipper of Warmaster Okawaru
  2022 | D:3      | Noticed Sigmund
  2023 | D:3      | Noticed Jessica
  2033 | D:3      | HP: 7/41 [something (7)]
  2033 | D:3      | HP: 1/41 [Jessica/+0 club (4)]
  2034 | D:3      | Slain by Sigmund

Vanquished Creatures
  Robin (D:2)
  2 adders
  A dart slug (D:2)
  An orc (D:3)
  7 endoplasms
  2 giant cockroaches
  16 goblins
  9 hobgoblins
  4 jackals (D:2)
  2 quokkas
  2 ball pythons (D:1)
  11 bats
  3 frilled lizards
  3 kobolds
  4 rats
68 creatures vanquished.

Table legend:
 A = Non-vault XP
 B = Vault XP
 C = Vault XP percentage of total XP
 D = Non-vault monster count
 E = Vault monster count
 F = Vault count percentage of total count
                 A         B        C        D         E       F
            +---------+---------+-------+---------+---------+-------
      Total |     118 |      39 |  24.8 |      55 |      13 |  19.1
            +---------+---------+-------+---------+---------+-------
        D:1 |      39 |       0 |   0.0 |      24 |       0 |   0.0
        D:2 |      49 |      39 |  44.3 |      21 |      13 |  38.2
        D:3 |      30 |       0 |   0.0 |      10 |       0 |   0.0
            +---------+---------+-------+---------+---------+-------

Skill      XL: |  1  2  3  4 |
---------------+-------------+-----
Axes           | 3 4 |  4.1
Armour         | 4 |  4.3
Shields        | 4 |  4.3
Fighting       | 4 |  4.3

Action                     |  1- 3 |  4- 6 || total
---------------------------+-------+-------++-------
  Melee: War axe           |    77 |    55 ||   132
         Headbutt          |    14 |     5 ||    19
 Armour: Scale mail        |    40 |    17 ||    57
  Dodge: Dodged            |    36 |    24 ||    60
  Block: Buckler           |    13 |    11 ||    24

Illustrated notes

Table legend:
 A = Kills in this place as a percentage of kills in the entire game.
 B = Kills by you in this place as a percentage of kills by you in the entire game.
 C = Kills by friends in this place as a percentage of kills by friends in the entire game.
 D = Other kills in this place as a percentage of other kills in the entire game.
 E = Experience gained in this place as a percentage of experience gained in the entire game.
 F = Experience gained in this place divided by the number of levels of this place that you have seen.
                   A       B       C       D       E      F
               +-------+-------+-------+-------+-------+----------------------
         Total | 100.0 | 100.0 |   N/A |   N/A | 100.0 |  52.3
       Dungeon | 100.0 | 100.0 |   N/A |   N/A | 100.0 |  52.3
               +-------+-------+-------+-------+-------+----------------------

Table legend: (Time is in decaauts)
 A = Elapsed time spent in this place.
 B = Non-inter-level travel time spent in this place.
 C = Inter-level travel time spent in this place.
 D = Time resting spent in this place.
 E = Time spent auto-exploring this place.
 F = Levels seen in this place.
 G = Mean time per level.
                   A        B        C        D        E       F      G
               +--------+--------+--------+--------+--------+-----+--------+
         Total |   2080 |   2001 |     79 |      0 |   1658 |   3 |  693.3 |
       Dungeon |   2080 |   2001 |     79 |      0 |   1658 |   3 |  693.3 |
               +--------+--------+--------+--------+--------+-----+--------+

Top non-repeatable levels by time:
     D:1: 816 daAuts
     D:2: 651 daAuts
     D:3: 612 daAuts
